 Dungeon Crawl Stone Soup version 0.20.0-8-g6b59dc7 (webtiles) character file.

6748 miragecloak the Impaler (level 11, -2/67 HPs)
             Began as a Merfolk Monk on June 1, 2017.
             Was a Priest of Hepliaklqana.
             Killed from afar by an electric eel (5 damage)
             ... with a bolt of electricity
             ... on level 10 of the Dungeon.
             The game lasted 00:14:28 (10798 turns).

miragecloak the Impaler (Merfolk Monk)             Turns: 10798, Time: 00:14:28

Health: -2/67      AC: 16    Str: 11    XL:     11   Next: 4%
Magic:  11/11      EV: 12    Int: 11    God:    Hepliaklqana [***...]
Gold:   593        SH:  7    Dex: 19    Spells: 10/10 levels left

rFire    . . .     SeeInvis +   y - +1 trident (flame)
rCold    + . .     Gourm    .   o - +1 buckler
rNeg     + + .     Faith    .   I - +5 scale mail "Esuobeot" {rC+}
rPois    .         Spirit   .   B - +2 helmet of Limited Liability {rN++ SInv}
rElec    .         Reflect  .   h - scarf {repulsion}
rCorr    .         Harm     .   (no gloves)
MR       +....                  F - +0 pair of boots
Stlth    +.........             (no amulet)
Regen    0.3/turn               e - ring of protection from magic
MPRegen  0.2/turn               (no ring)

@: repel missiles
A: change form in water, swift swim, stealthy swim, reduced essence
a: Recall Ancestor, Ancestor Identity, Transference, Renounce Religion


You were on level 10 of the Dungeon.
You worshipped Hepliaklqana.
Hepliaklqana was most pleased with you.
You were not hungry.

You visited 2 branches of the dungeon, and saw 11 of its levels.

You collected 593 gold pieces.

Inventory:

Hand Weapons
 y - a +1 trident of flaming (weapon)
Armour
 h - a scarf of repulsion (worn)
 o - a +1 buckler (worn)
 B - the +2 helmet of Limited Liability (worn) {rN++ SInv}
   (You found it on level 8 of the Dungeon)

   It greatly protects you from negative energy.
   It lets you see invisible.
 F - a +0 pair of boots (worn)
 I - the +5 scale mail "Esuobeot" (worn) {rC+}
   (You found it on level 8 of the Dungeon)

   It protects you from cold.
Jewellery
 e - a ring of protection from magic (left hand)
 L - an uncursed amulet of rage {unknown}
 N - the cursed ring "Muasiv" {*Slow +Inv rC++ MP+9 Dex-5, unknown}
   (You found it on level 10 of the Dungeon)

   [ring of dexterity]

   It affects your dexterity (-5).
   It greatly protects you from cold.
   It affects your magic capacity (+9).
   It lets you turn invisible.
   It may slow you when you take damage.
   It has a curse placed upon it.
 O - an uncursed ring of ice {unknown}
Wands
 D - a wand of confusion (20/48)
 G - a wand of confusion (24/48)
 H - a wand of scattershot (2/9)
 K - a wand of lightning (2/15)
 M - a wand of flame (36/48)
Scrolls
 d - 2 scrolls of recharging {unknown}
 k - 4 scrolls of remove curse
 m - 3 scrolls of magic mapping {unknown}
 p - 13 scrolls of identify {unknown}
 r - 3 scrolls of teleportation {unknown}
 s - 5 scrolls of enchant armour
 t - 5 scrolls of random uselessness {unknown}
 w - 3 scrolls of fear
 z - a scroll of vulnerability {unknown}
 Q - a scroll of noise {unknown}
Potions
 a - a potion of degeneration {unknown}
 b - a potion of ambrosia {unknown}
 f - 3 potions of haste {unknown}
 g - 3 potions of lignification {unknown}
 j - 3 potions of berserk rage {unknown}
 l - a potion of agility {unknown}
 n - 3 potions of curing {unknown}
 x - 3 potions of invisibility {unknown}
 C - a potion of heal wounds {unknown}
 E - a potion of mutation {unknown}
 J - a potion of brilliance {unknown}
 P - a potion of might {unknown}
Books
 u - a book of Cantrips

   Spells                             Type                      Level
   a - Confusing Touch                Hexes                        1
   b - Animate Skeleton               Necromancy                   1
   c - Summon Small Mammal            Summoning                    1
   d - Apportation                    Translocation                1
 A - a book of Necromancy

   Spells                             Type                      Level
   a - Pain                           Necromancy                   1
   b - Animate Skeleton               Necromancy                   1
   c - Vampiric Draining              Necromancy                   3
   d - Regeneration                   Charms/Necromancy            3
   e - Animate Dead                   Necromancy                   4
   f - Control Undead                 Necromancy                   4
Comestibles
 c - 11 bread rations
 i - 4 meat rations
 q - 17 fruits
 v - 2 royal jellies


   Skills:
 - Level 3.2 Fighting
 + Level 18.9 Polearms
 + Level 4.1 Armour
 - Level 6.1 Dodging
 - Level 2.1 Stealth
 - Level 4.1 Shields


You had 10 spell levels left.
You didn't know any spells.

Dungeon Overview and Level Annotations

Branches:
Dungeon (10/15)            Temple (1/1) D:6
   Lair: D:8-11         Orc: D:9-12

Altars:
Ashenzari
Cheibriados
Dithmenos
Elyvilon
Fedhas
Gozag
Hepliaklqana
Kikubaaqudgha
Makhleb
Nemelex Xobeh
Okawaru
Qazlal
Ru
Sif Muna
Trog
Uskayaw
Vehumet
Xom
Yredelemnul
Zin
The Shining One

Annotations:
D:2 1 runed door
D:7 exclusion: hydra


Message History

The electric eel shoots out a bolt of lightning at you!
The bolt of electricity hits Numeria.
Numeria is destroyed!
The bolt of electricity hits you!
You are too injured to fight recklessly!
You see here a bullfrog corpse.
The kobold throws a stone.
The stone misses you.
The electric eel shoots out a bolt of lightning at you!
The bolt of electricity hits the electric eel.
The electric eel completely resists.
The bolt of electricity misses you.
The electric eel shoots out a bolt of lightning at you!
The bolt of electricity hits you!
* * * LOW HITPOINT WARNING * * *
The electric eel shoots out a bolt of lightning at you!
The bolt of electricity hits you!
* * * LOW HITPOINT WARNING * * *
You open the door.
The electric eel shoots out a bolt of lightning at you!
The bolt of electricity hits you!
You die...

≈≈≈≈≈.≈≈≈≈≈..###...##
♣♣≈.≈♣♣♣≈≈.##.....##
♣≈≈≈ ♣≈≈.#....../##
♣♣♣≈≈≈♣♣♣≈)?.........#
≈≈≈≈≈≈≈≈≈≈;'.........+
.≈.≈.≈KK≈≈..†(.......#
≈≈≈≈≈≈†≈≈≈..#.(.....#
♣♣♣≈.≈♣♣♣≈..##.....##
♣≈≈≈ ♣≈≈####@..## ♣F.
♣≈≈# ##'## ≈≈≈≈ ≈≈.#
.# .≈≈K ≈≈≈≈# .# ≈≈;≈
≈≈≈≈≈# .# ♣♣≈≈. .. ..
..


You could see an electric eel.

Vanquished Creatures
  2 two-headed ogres (D:9)
  Joseph (D:8)
  A gargoyle (D:7)
  The ghost of ThereIsNoGod the Thaumaturge, a novice SpEE of Sif Muna (D:5)
  A hippogriff (D:8)
  Sigmund (D:3)
  The ghost of bolko the Sneak, an amateur HaEn (D:3)
  A spriggan (D:9)
  A yak (D:7)
  2 hungry ghosts
  Edmund (D:6)
  A black bear (D:9)
  3 ice beasts
  4 ogres
  3 centaurs
  2 big kobolds (D:9)
  4 bullfrogs
  2 scorpions
  2 killer bees
  An electric eel (D:10)
  3 crimson imps
  3 orc priests
  4 hounds
  4 jellies
  A bullfrog skeleton (D:9)
  7 orc wizards
  An iguana (D:4)
  5 worker ants
  2 hound skeletons (D:6)
  A worker ant zombie (D:9)
  5 adders
  4 gnolls (D:3)
  An ooze (D:3)
  An adder zombie (D:9)
  2 worms
  2 dart slugs
  2 leopard geckos (D:9)
  15 orcs
  A bat skeleton (D:2)
  3 giant cockroaches
  3 goblins
  10 hobgoblins
  24 jackals
  7 quokkas
  5 bats
  A frilled lizard (D:2)
  A jackal zombie (D:2)
  11 kobolds
  8 rats
172 creatures vanquished.

Vanquished Creatures (collateral kills)
  An ice beast (D:7)
  2 ogres
  3 centaurs
  A bullfrog (D:7)
  3 killer bees (D:8)
  A centaur zombie (D:9)
  A hound (D:8)
  3 orc wizards
  An orc priest (D:7)
  An adder (D:7)
  4 orcs
  A jackal (D:7)
  4 kobolds (D:9)
26 creatures vanquished.

Vanquished Creatures (others)
  5 knights
5 creatures vanquished.

Grand Total: 203 creatures vanquished

Notes
Turn   | Place    | Note
-------+----------+-------------------------------------------
     0 | D:1      | miragecloak the Merfolk Monk began the quest for the Orb.
     0 | D:1      | Reached XP level 1. HP: 18/18 MP: 1/1
   153 | D:1      | Reached skill level 5 in Polearms
   168 | D:1      | Reached XP level 2. HP: 16/24 MP: 2/2
   507 | D:1      | Reached skill level 6 in Polearms
   507 | D:1      | Reached XP level 3. HP: 23/29 MP: 3/3
   723 | D:2      | Found a faded altar of an unknown god.
  1230 | D:2      | Found a runed door.
  1421 | D:3      | Found a shadowy altar of Dithmenos.
  1507 | D:3      | Noticed Sigmund
  1509 | D:3      | Noticed bolko's ghost (amateur HaEn)
  1509 | D:3      | Found a shadowy altar of Dithmenos.
  1521 | D:3      | Killed Sigmund
  1521 | D:3      | Reached skill level 9 in Polearms
  1521 | D:3      | Reached XP level 4. HP: 17/35 MP: 4/4
  1521 | D:3      | Reached XP level 5. HP: 20/41 MP: 5/5
  2102 | D:3      | Reached XP level 6. HP: 47/47 MP: 6/6
  2528 | D:4      | Reached skill level 1 in Shields
  2896 | D:3      | Killed bolko's ghost
  2896 | D:3      | Reached skill level 10 in Polearms
  2896 | D:3      | Reached XP level 7. HP: 22/52 MP: 7/7
  3595 | D:3      | Found an opulent altar of Gozag.
  4385 | D:4      | Found an ancient bone altar of Kikubaaqudgha.
  4566 | D:4      | Found a snail-covered altar of Cheibriados.
  4569 | D:4      | Found a deep blue altar of Sif Muna.
  4667 | D:4      | Found a sparkling altar of Nemelex Xobeh.
  4668 | D:4      | Found a shattered altar of Ashenzari.
  4686 | D:5      | Entered Level 5 of the Dungeon
  4702 | D:5      | Reached skill level 11 in Polearms
  4846 | D:5      | Noticed ThereIsNoGod's ghost (novice SpEE)
  4860 | D:5      | Killed ThereIsNoGod's ghost
  4860 | D:5      | Reached skill level 12 in Polearms
  4860 | D:5      | Reached XP level 8. HP: 21/58 MP: 8/8
  5259 | D:5      | Found an opulent altar of Gozag.
  5978 | D:6      | Found a blossoming altar of Fedhas.
  5982 | D:6      | Reached skill level 13 in Polearms
  6033 | D:6      | Noticed Edmund
  6290 | D:6      | Found a staircase to the Ecumenical Temple.
  6349 | D:6      | Killed Edmund
  6349 | D:6      | Reached skill level 14 in Polearms
  6386 | Temple   | Entered the Ecumenical Temple
  6505 | Temple   | Became a worshipper of Hepliaklqana the Forgotten
  6505 | Temple   | Reached * piety under Hepliaklqana
  6505 | Temple   | Reached ** piety under Hepliaklqana
  6506 | Temple   | Remembered your ancestor Numeria as a knight
  6927 | D:6      | Reached XP level 9. HP: 57/57 MP: 9/9
  7068 | D:7      | Noticed an eight-headed hydra
  7286 | D:7      | Reached skill level 15 in Polearms
  7582 | D:7      | Noticed a gargoyle
  7614 | D:7      | Killed a gargoyle
  7760 | D:7      | Reached skill level 16 in Polearms
  8034 | D:7      | Reached *** piety under Hepliaklqana
  8197 | D:7      | Reached skill level 17 in Polearms
  8226 | D:7      | Reached XP level 10. HP: 52/63 MP: 10/10
  8460 | D:8      | Reached skill level 5 in Dodging
  8508 | D:8      | Got an encrusted helmet
  8514 | D:8      | Identified the +2 helmet of Limited Liability {rN++ SInv} (You found it on level 8 of the Dungeon)
  8642 | D:8      | Noticed Joseph
  8672 | D:8      | Killed Joseph
  9075 | D:8      | Got a transparent scale mail
  9086 | D:8      | Identified the +5 scale mail "Esuobeot" {rC+} (You found it on level 8 of the Dungeon)
  9295 | D:8      | Reached skill level 1 in Armour
  9449 | D:9      | Noticed a two-headed ogre
  9464 | D:9      | Killed a two-headed ogre
  9464 | D:9      | Reached skill level 18 in Polearms
  9633 | D:9      | Noticed a two-headed ogre
  9658 | D:9      | Killed a two-headed ogre
 10596 | D:9      | Reached XP level 11. HP: 67/67 MP: 11/11
 10621 | D:10     | Entered Level 10 of the Dungeon
 10666 | D:10     | Got a warped tin ring
 10797 | D:10     | HP: 3/67 [electric eel/bolt of electricity (9)]
 10798 | D:10     | Killed from afar by an electric eel

Skill      XL: |  1  2  3  4  5  6  7  8  9 10 11 |
---------------+----------------------------------+-----
Polearms       | 5 6 9 10 12 14 17 18 | 18.9
Shields        | 2 4 |  4.1
Dodging        | 6 |  6.1
Armour         | 3 4 |  4.1
Fighting       | |  3.2
Stealth        | |  2.1

Action                   |  1- 3 |  4- 6 |  7- 9 | 10-12 || total
-------------------------+-------+-------+-------+-------++-------
Melee: Spear             |   108 |   132 |   102 |       ||   342
       Trident           |       |       |   318 |   208 ||   526
       Tailslap          |       |       |       |     1 ||     1
Invok: Recall Ancestor   |       |       |     1 |       ||     1
       Ancestor Life: Kn |       |       |     1 |       ||     1
  Use: Scroll            |       |       |     3 |       ||     3
 Stab: Sleeping          |    10 |       |     6 |     1 ||    17
       Distracted        |     1 |       |     2 |     2 ||     5
  Eat: Chunk             |       |     5 |    19 |     8 ||    32
       Fruit             |       |     1 |       |       ||     1
Armor: Robe              |     8 |     5 |    14 |       ||    27
       Scale mail        |       |       |       |    29 ||    29
Dodge: Dodged            |    43 |    42 |    79 |    43 ||   207
       Deflected         |       |     4 |     6 |     7 ||    17
Block: Buckler           |       |     8 |    47 |    33 ||    88
